 Dungeon Crawl Stone Soup version 0.22.0-49-gab54619 (webtiles) character file.

19712 Folque the Destroyer (level 12, -7/97 HPs)
             Began as a Naga Wizard on Sept 2, 2018.
             Was an Elder of Sif Muna.
             Hit by a stone thrown by a skeletal warrior (15 damage)
             ... led by a skeletal warrior
             ... on level 13 of the Dungeon on Sept 3, 2018.
             The game lasted 02:57:46 (17343 turns).

Folque the Destroyer (Naga Wizard)                 Turns: 17343, Time: 02:57:46

Health: -7/97      AC:  7    Str: 10    XL:     12   Next: 71%
Magic:  3/35       EV: 10    Int: 23    God:    Sif Muna [****..]
Gold:   679        SH:  0    Dex: 10    Spells: 4/31 levels left

rFire    . . .     SeeInvis +   K - staff of conjuration
rCold    . . .     Gourm    .   (no shield)
rNeg     . . .     Faith    .   a - +0 robe
rPois    +         Spirit   .   x - +0 helmet
rElec    .         Reflect  .   e - scarf {cloud immunity}
rCorr    .         Harm     .   C - +0 pair of gloves
MR       +....                  (no barding)
Stlth    ++........             (no amulet)
HPRegen  0.26/turn              b - ring of wizardry
MPRegen  0.24/turn              n - ring of magical power

@: very slow
A: large, see invisible, deformed body, poison resistance, slowness 2, slow
metabolism 1, spit poison 1, AC +4
a: Spit Poison, Divine Energy, Channel Magic, Forget Spell, Renounce Religion


You were on level 13 of the Dungeon.
You worshipped Sif Muna.
Sif Muna was greatly pleased with you.
You were not hungry.

You visited 1 branch of the dungeon, and saw 13 of its levels.
You also visited: Ossuary.

You collected 679 gold pieces.

Inventory:

Hand Weapons
 w - a +0 flail of holy wrath
 D - the +10 mace of Gallantry {crush, rN++ Int-4}
   (You found it on level 6 of the Dungeon)

   It inflicts extra damage upon your enemies.
   It affects your intelligence (-4).
   It greatly protects you from negative energy.
 E - a +2 quarterstaff of chaos
 Q - the +1 flail of Vein {crush, rF+ Dex-3 Stlth+}
   (You found it on level 8 of the Dungeon)

   It inflicts extra damage upon your enemies.
   It affects your dexterity (-3).
   It protects you from fire.
   It makes you more stealthy.
Missiles
 y - a javelin (quivered)
 L - 6 silver tomahawks
 S - 100 arrows
Armour
 a - a +0 robe (worn)
 e - a scarf of cloud immunity (worn)
 t - the +0 ring mail "Bewkup" {Int+4 Dex+2}
   (You found it on level 4 of the Dungeon)

   It affects your intelligence (+4).
   It affects your dexterity (+2).
 x - a +0 helmet (worn)
 C - a +0 pair of gloves (worn)
 F - a +1 cloak
Magical Staves
 B - an uncursed staff of energy
 K - an uncursed staff of conjuration (weapon)
Jewellery
 b - a ring of wizardry (left hand)
 n - a ring of magical power (right hand)
 q - an uncursed ring of ice
 r - an uncursed ring of stealth
 G - an uncursed ring of fire
 T - an uncursed ring of protection from cold
Wands
 g - a wand of acid (17)
 j - a wand of iceblast (12)
 J - a wand of digging (21)
 W - a wand of flame (13)
Scrolls
 c - 3 scrolls of teleportation
 f - a scroll of enchant armour
 l - 10 scrolls of remove curse
 m - a scroll of fear
 s - a scroll of identify
 H - a scroll of amnesia
 I - a scroll of vulnerability
 M - a scroll of fog
 P - a scroll of immolation
 R - a scroll of enchant weapon
 U - a scroll of silence
Potions
 h - a potion of invisibility
 i - 5 potions of curing
 o - a potion of brilliance
 p - a potion of haste
 u - 2 potions of mutation
 v - a potion of heal wounds
 A - 2 potions of resistance
 N - a potion of berserk rage
 O - a potion of ambrosia
Comestibles
 d - 28 rations


   Skills:
 - Level 3.1 Fighting
 - Level 6.1 Throwing
 - Level 4.0 Armour
 - Level 3.0 Dodging
 - Level 3.0 Stealth
 - Level 10.2 Spellcasting
 + Level 10.8 Conjurations
 - Level 2.0 Hexes
 - Level 5.2 Charms
 - Level 1.0 Summonings
 - Level 4.5 Necromancy
 - Level 3.1 Translocations
 - Level 1.2 Fire Magic
 * Level 4.1 Air Magic
 - Level 3.0 Poison Magic
 - Level 4.2 Invocations


You had 4 spell levels left.
You knew the following spells:

 Your Spells              Type           Power        Failure   Level  Hunger
a - Magic Dart            Conj           ####         1%          1    None
b - Call Imp              Summ           ###.....     2%          2    None
c - Blink                 Tloc           N/A          1%          2    None
d - Mephitic Cloud        Conj/Pois/Air  ######..     1%          3    None
e - Conjure Flame         Conj/Fire      ######..     1%          3    None
f - Slow                  Hex            ###.....     1%          2    None
g - Shroud of Golubria    Chrm/Tloc      ####......   1%          2    None
h - Regeneration          Chrm/Necr      ####......   1%          3    None
i - Lightning Bolt        Conj/Air       ######....   2%          5    ####...
j - Airstrike             Air            ####......   4%          4    #......

Your spell library contained the following spells:

 Spells                   Type           Power        Failure   Level  Hunger
 Animate Skeleton         Necr           N/A          1%          1    None
 Apportation              Tloc           ####..       1%          1    None
 Confusing Touch          Hex            ###...       1%          1    None
 Infusion                 Chrm           ####         1%          1    None
 Shock                    Conj/Air       ####         1%          1    None
 Summon Small Mammal      Summ           ###.         1%          1    None
 Corpse Rot               Necr           N/A          1%          2    None
 Song of Slaying          Chrm           #####...     1%          2    None
 Swiftness                Chrm/Air       ####....     1%          2    None
 Spectral Weapon          Hex/Chrm       ####....     1%          3    None
 Static Discharge         Conj/Air       ######..     1%          3    None
 Beastly Appendage        Tmut           ##....       2%          1    None
 Portal Projectile        Hex/Tloc       ###...       2%          3    None
 Tukima's Dance           Hex            ###.....     2%          3    None
 Sticks to Snakes         Tmut           ##......     3%          2    None
 Spider Form              Tmut/Pois      ###.......   3%          3    None
 Animate Dead             Necr           N/A          3%          4    #......
 Ice Form                 Ice/Tmut       ##......     22%         4    #......
 Bolt of Draining         Conj/Necr      ######....   2%          5    ####...
 Dispel Undead            Necr           ####....     10%         5    ####...
 Metabolic Englaciation   Hex/Ice        ###.......   36%         5    ####...
 Blade Hands              Tmut           ##........   50%         5    ####...


Dungeon Overview and Level Annotations

Branches:
Dungeon (13/15)            Temple (0/1) D:7            Lair (0/6) D:9
    Orc (0/2) D:11
 Vaults: D:13-14

Altars:
Ashenzari
Cheibriados
Dithmenos
Gozag
Makhleb
Nemelex Xobeh
Okawaru
Ru
Sif Muna
Trog
Yredelemnul

Shops:
D:11 *

Annotations:
D:6 1 runed door, poirepourri's ghost, novice DDFi
D:11 2 transporters, HEYYEYAAE's ghost, novice DgFi
D:13 Rupert


Innate Abilities, Weirdness & Mutations

You cannot wear boots.
Your serpentine skin is tough. (AC +4)
You have supernaturally acute eyesight. (SInv)
Armour fits poorly on your strangely shaped body.
Your system is resistant to poisons. (rPois)
You cover ground very slowly.
You have a slow metabolism.
You can spit poison.


Message History

You hear a splash.
Casting: Airstrike (safe; 4% risk of failure)
Confirm with . or Enter, or press ? or * to list all spells.
Aiming: Airstrike (safe; 4% risk of failure)
Press: ? - help, Dir - move target cursor, f/p - skeletal warrior
Aim: a skeletal warrior, wielding a long sword (almost destroyed)
The air twists around and strikes the skeletal warrior!
The skeletal warrior is almost destroyed.
The skeletal warrior throws a stone.
The stone hits you!
You hear a splash.
The skeletal warrior throws a stone.
The stone misses you.
You hear a splash.
The skeletal warrior throws a stone.
The stone hits you!
* * * LOW HITPOINT WARNING * * *
You hear a splash.
You see here 2 stones.
The skeletal warrior throws a stone.
The stone hits you!!
* * * LOW HITPOINT WARNING * * *
The skeletal warrior throws a stone.
The stone hits you!
You die...

.................
######zz.≈....≈.....≈
≈≈≈≈≈≈≈≈≈≈≈≈≈≈≈≈≈...≈
≈≈≈≈≈≈≈≈≈≈≈≈≈≈≈≈≈≈≈≈≈
#≈≈≈≈≈(P≈≈≈≈≈≈≈≈≈≈≈
####≈P.(P≈≈≈≈≈≈≈.≈≈≈
#..P≈..≈≈.≈P..≈.≈P≈≈
#...................
#..@................
#.###############...
#.# #### #.# # #.#
#.# #.# #.# #.#


You could see 2 skeletal warriors.

Vanquished Creatures
  Frances (D:13)
  A slime creature (D:12)
  A hydra (D:11)
  3 two-headed ogres
  A skeletal warrior (D:13)
  A cyclops (D:13)
  2 ugly things
  A gargoyle (D:10)
  A kobold demonologist (D:13)
  3 trolls
  Prince Ribbit (D:6)
  A hippogriff (D:11)
  2 wraiths
  A shadow (D:12)
  A vampire (D:12)
  2 wyverns
  A human (D:8)
  A water elemental (D:13)
  8 yaks
  Grum (D:9)
  2 hogs (D:8)
  A steam dragon (D:13)
  Menkaure (D:6)
  An acid dragon (D:13)
  Duvessa (D:5)
  2 water moccasins
  A swamp drake (D:11)
  4 sky beasts
  2 black bears
  An eye of draining (D:5)
  2 orc warriors (D:11)
  2 phantoms
  4 ogres
  A necrophage (D:10)
  3 wolves (D:9)
  2 crocodiles
  8 centaurs
  A big kobold (D:13)
  7 bullfrogs
  6 scorpions
  A wyvern skeleton (D:9)
  Dowan (D:5)
  4 killer bees (D:8)
  4 wights (D:11)
  4 howler monkeys
  2 electric eels (D:13)
  10 crimson imps
  2 bullfrog zombies
  6 centaur zombies
  5 hounds
  9 orc priests
  Crazy Yiuf (D:6)
  3 jellies
  A bullfrog skeleton (D:11)
  2 centaur skeletons
  A gnoll shaman (D:5)
  6 worker ants
  Terence (D:2)
  5 iguanas
  14 orc wizards
  5 big kobold zombies (Ossuary)
  3 mummies
  2 worker ant zombies
  A howler monkey zombie (D:6)
  4 adders
  13 gnolls
  4 shadow imps
  2 oozes
  4 adder skeletons
  An adder zombie (D:6)
  2 worms
  2 dart slugs
  11 leopard geckos
  46 orcs
  10 bats
  2 giant cockroaches
  10 goblins
  7 hobgoblins
  2 jackals (D:4)
  6 quokkas
  A ball python (D:3)
  9 frilled lizards
  2 hobgoblin zombies (Ossuary)
  A jackal zombie (D:8)
  21 kobolds
  A quokka skeleton (D:5)
  A quokka zombie (D:5)
  4 rats
  A fungus (D:6)
346 creatures vanquished.

Vanquished Creatures (collateral kills)
  Gastronok (D:10)
  A troll (D:10)
  2 hogs (D:8)
  A water moccasin (D:8)
  An orc warrior (D:12)
  A centaur (D:6)
  An ogre (D:5)
  2 crimson imps
  A hound (D:6)
  A gnoll shaman (D:6)
  An orc priest (D:12)
  2 mummies (Ossuary)
  A gnoll (D:6)
  A shadow imp (D:5)
  An ooze (D:4)
  4 worms (D:2)
  2 leopard geckos
  10 orcs
  A hobgoblin (D:2)
  2 frilled lizards
  A kobold (D:3)
38 creatures vanquished.

Vanquished Creatures (others)
  A plant (D:13)
1 creature vanquished.

Grand Total: 385 creatures vanquished

Notes
Turn   | Place    | Note
-------+----------+-------------------------------------------
     0 | D:1      | Folque the Naga Wizard began the quest for the Orb.
     0 | D:1      | Reached XP level 1. HP: 15/15 MP: 4/4
     2 | D:1      | Noticed an elf
     2 | D:1      | Noticed a demonspawn
     4 | D:1      | Noticed a merfolk
     6 | D:1      | Noticed a ghoul
     6 | D:1      | Noticed a vine stalker
    12 | D:1      | Noticed a centaur
    12 | D:1      | Noticed a tengu
    16 | D:1      | Noticed an ogre
    16 | D:1      | Noticed a dwarf
    26 | D:1      | Noticed a troll
    26 | D:1      | Noticed a minotaur
    28 | D:1      | Noticed a spriggan
    28 | D:1      | Noticed a vampire
    30 | D:1      | Noticed a naga
    30 | D:1      | Noticed a halfling
    32 | D:1      | Noticed an octopode
    32 | D:1      | Noticed a felid
    34 | D:1      | Noticed a gargoyle
    36 | D:1      | Noticed a formicid
    36 | D:1      | Noticed a human
    38 | D:1      | Noticed a draconian
    38 | D:1      | Noticed a demigod
   180 | D:1      | Reached skill level 1 in Fighting
   241 | D:1      | Reached XP level 2. HP: 1/25 MP: 0/6
   532 | D:1      | Learned a level 2 spell: Call Imp
   535 | D:1      | Learned a level 2 spell: Blink
  1352 | D:2      | Reached XP level 3. HP: 32/32 MP: 3/7
  1357 | D:2      | Learned a level 3 spell: Mephitic Cloud
  1639 | D:2      | Reached skill level 1 in Poison Magic
  1939 | D:2      | Reached XP level 4. HP: 39/39 MP: 9/9
  1976 | D:2      | Noticed Terence
  1988 | D:2      | Killed Terence
  2442 | D:3      | Found a faded altar of an unknown god.
  2473 | D:3      | Reached skill level 1 in Air Magic
  2502 | D:3      | Found a shadowy altar of Dithmenos.
  2788 | D:3      | Reached XP level 5. HP: 25/45 MP: 3/11
  3031 | D:3      | Learned a level 3 spell: Conjure Flame
  3032 | D:3      | Found a sparkling altar of Nemelex Xobeh.
  3371 | D:3      | Reached skill level 1 in Fire Magic
  3774 | D:4      | Reached XP level 6. HP: 42/52 MP: 9/12
  3790 | D:4      | Got a transparent ring mail
  3827 | D:4      | Found a sand-covered staircase.
  3834 | Ossuary  | Entered an ossuary
  4379 | Ossuary  | Reached XP level 7. HP: 41/60 MP: 13/13
  5008 | D:5      | Entered Level 5 of the Dungeon
  5030 | D:5      | Noticed Dowan
  5031 | D:5      | Noticed Duvessa
  5057 | D:5      | Killed Dowan
  5237 | D:5      | Reached skill level 5 in Spellcasting
  5240 | D:5      | Killed Duvessa
  5477 | D:5      | Learned a level 2 spell: Slow
  5657 | D:5      | Found a bloodstained altar of Trog.
  5674 | D:5      | Reached skill level 5 in Conjurations
  5674 | D:5      | Reached XP level 8. HP: 63/67 MP: 0/16
  6532 | D:6      | Noticed Prince Ribbit
  6700 | D:6      | Killed Prince Ribbit
  6701 | D:6      | Reached XP level 9. HP: 62/75 MP: 5/19
  6768 | D:6      | Found a deep blue altar of Sif Muna.
  6836 | D:6      | Found a runed door.
  6853 | D:6      | Identified the +0 ring mail "Bewkup" {Int+4 Dex+2} (You
                  | found it on level 4 of the Dungeon)
  6919 | D:6      | Noticed Menkaure
  6951 | D:6      | Became a worshipper of Sif Muna the Loreminder
  6960 | D:6      | Noticed poirepourri's ghost (novice DDFi)
  6982 | D:6      | Found a runed door.
  6986 | D:6      | Noticed Crazy Yiuf
  6990 | D:6      | Killed Crazy Yiuf
  6994 | D:6      | Got a dazzling mace
  6997 | D:6      | Identified the +10 mace of Gallantry {crush, rN++ Int-4}
                  | (You found it on level 6 of the Dungeon)
  7177 | D:6      | Upgraded the game from 0.22.0-40-g68aacdc to
                  | 0.22.0-49-gab54619
  7247 | D:6      | Killed Menkaure
  7997 | D:6      | Found a sacrificial altar of Ru.
  8402 | D:7      | Reached * piety under Sif Muna
  8812 | D:7      | Reached skill level 1 in Throwing
  8882 | D:7      | Found a staircase to the Ecumenical Temple.
  9047 | D:8      | Reached skill level 1 in Hexes
  9200 | D:8      | Noticed a two-headed ogre
  9213 | D:8      | Killed a two-headed ogre
  9213 | D:8      | Reached skill level 5 in Throwing
  9213 | D:8      | Reached XP level 10. HP: 84/84 MP: 14/20
  9252 | D:8      | Reached skill level 1 in Invocations
  9526 | D:8      | Learned a level 2 spell: Shroud of Golubria
  9530 | D:8      | Learned a level 3 spell: Regeneration
  9664 | D:8      | Reached ** piety under Sif Muna
  9664 | D:8      | Reached skill level 1 in Charms
  9854 | D:8      | Found a snail-covered altar of Cheibriados.
 10252 | D:9      | Found a shattered altar of Ashenzari.
 10365 | D:9      | Reached skill level 10 in Conjurations
 10365 | D:9      | Reached skill level 1 in Necromancy
 10465 | D:9      | Found an iron altar of Okawaru.
 10608 | D:9      | Found a staircase to the Lair.
 10785 | D:9      | Noticed Grum
 10820 | D:9      | Killed Grum
 10842 | D:9      | Found a burning altar of Makhleb.
 11008 | D:9      | Found a basalt altar of Yredelemnul.
 11009 | D:9      | Found an opulent altar of Gozag.
 11245 | D:10     | Entered Level 10 of the Dungeon
 11245 | D:10     | Noticed a two-headed ogre
 11371 | D:10     | Noticed Gastronok
 11511 | D:10     | Reached XP level 11. HP: 90/90 MP: 18/23
 11534 | D:10     | Killed a two-headed ogre
 11534 | D:10     | Reached *** piety under Sif Muna
 11824 | D:10     | Noticed a two-headed ogre
 11835 | D:10     | Killed Gastronok
 11844 | D:10     | Killed a two-headed ogre
 12891 | D:11     | Found Zext's Assorted Antiques.
 12935 | D:11     | Noticed a two-headed ogre
 12937 | D:11     | Noticed HEYYEYAAE's ghost (novice DgFi)
 12938 | D:11     | Found a transporter.
 12942 | D:11     | Found a transporter.
 12944 | D:11     | Noticed a two-headed ogre
 13065 | D:8      | Got a transparent flail
 13066 | D:8      | Identified the cursed +1 flail of Vein {crush, rF+ Dex-3
                  | Stlth+} (You found it on level 8 of the Dungeon)
 13322 | D:11     | Reached **** piety under Sif Muna
 13987 | D:11     | Noticed an eight-headed hydra
 14006 | D:11     | Killed an eight-headed hydra
 14006 | D:11     | Reached skill level 10 in Spellcasting
 14213 | D:11     | Reached skill level 1 in Armour
 14239 | D:11     | Found a staircase to the Orcish Mines.
 14629 | D:12     | Noticed a purple ugly thing
 14638 | D:12     | Killed a purple ugly thing
 14638 | D:12     | Reached XP level 12. HP: 76/97 MP: 23/26
 16067 | D:13     | Identified a scroll of acquirement
 16148 | D:13     | Identified the Grimoire of Unholy Rituals and Curses (You
                  | acquired it on level 13 of the Dungeon)
 16156 | D:13     | Learned a level 5 spell: Lightning Bolt
 16163 | D:13     | Learned a level 4 spell: Airstrike
 16213 | D:13     | Noticed a centaur warrior
 16216 | D:13     | Noticed Rupert
 16216 | D:13     | HP: 3/97 [centaur warrior/arrow (21)]
 16473 | D:13     | Noticed Frances
 16485 | D:13     | Killed Frances
 16485 | D:13     | Reached skill level 5 in Charms
 17343 | D:13     | Hit by a stone thrown by a skeletal warrior

Skill      XL: |  1  2  3  4  5  6  7  8  9 10 11 12 |
---------------+-------------------------------------+-----
Fighting       | 1 2 3 |  3.1
Poison Magic   | 2 3 |  3.0
Air Magic      | 1 4 |  4.1
Spellcasting   | 4 5 7 8 10 | 10.2
Conjurations   | 2 4 5 7 9 10 | 10.8
Fire Magic     | 1 |  1.2
Dodging        | 2 3 |  3.0
Throwing       | 5 6 |  6.1
Hexes          | 2 |  2.0
Invocations    | 3 4 |  4.2
Charms         | 2 5 |  5.2
Necromancy     | 2 4 |  4.5
Translocations | 2 3 |  3.1
Armour         | 1 4 |  4.0
Stealth        | |  3.0
Summonings     | |  1.0

Action                   |  1- 3 |  4- 6 |  7- 9 | 10-12 || total
-------------------------+-------+-------+-------+-------++-------
Melee: Dagger            |    50 |       |       |       ||    50
       Unarmed           |     1 |       |       |       ||     1
       Short sword       |    54 |   246 |   241 |       ||   541
       Quarterstaff      |       |       |    51 |   207 ||   258
       Staff             |       |       |       |     2 ||     2
       Flail             |       |       |       |     5 ||     5
Throw: Throwing net      |       |     1 |       |       ||     1
       Javelin           |       |       |     2 |    81 ||    83
       Tomahawk          |       |       |       |     8 ||     8
 Cast: Magic Dart        |    30 |    65 |   185 |   487 ||   767
       Call Imp          |     8 |    16 |    31 |    42 ||    97
       Mephitic Cloud    |       |     7 |    49 |    60 ||   116
       Conjure Flame     |       |     7 |    17 |    88 ||   112
       Blink             |       |       |     4 |    37 ||    41
       Slow              |       |       |     6 |    26 ||    32
       Shroud of Golubri |       |       |       |    27 ||    27
       Regeneration      |       |       |       |     9 ||     9
       Lightning Bolt    |       |       |       |    38 ||    38
       Airstrike         |       |       |       |     9 ||     9
Invok: Channel Magic     |       |       |       |     8 ||     8
       Divine Energy     |       |       |       |     3 ||     3
       Stop Divine Energ |       |       |       |     3 ||     3
 Abil: Spit Poison       |       |       |       |     2 ||     2
Evoke: Wand              |       |       |     4 |     4 ||     8
  Use: Scroll            |       |     3 |     8 |    20 ||    31
       Potion            |       |       |       |     8 ||     8
 Stab: Sleeping          |     3 |     6 |     6 |     4 ||    19
       Held in net/web   |       |     1 |       |       ||     1
       Confused          |       |     2 |    10 |     6 ||    18
       Distracted        |       |     1 |     1 |     1 ||     3
       Paralysed         |       |       |       |     5 ||     5
  Eat: Chunk             |     2 |     7 |    15 |    21 ||    45
       Ration            |       |       |       |     3 ||     3
Armor: Robe              |    37 |    75 |   100 |    90 ||   302
       Ring mail         |       |       |     5 |       ||     5
Dodge: Dodged            |    77 |   121 |   145 |   181 ||   524
